 Dungeon Crawl Stone Soup version 0.23-a0-358-g98c7a59 (webtiles) character file.

3887 RoseArtemis the Slinger (level 10, -8/71 HPs)
             Began as a Halfling Hunter on Oct 22, 2018.
             Was a Priest of Dithmenos.
             Mangled by a two-headed ogre
             ... wielding a cursed -2 giant club
              (24 damage)
             ... on level 7 of the Dungeon.
             The game lasted 00:24:50 (8970 turns).

RoseArtemis the Slinger (Halfling Hunter)           Turns: 8970, Time: 00:24:50

Health: -8/71      AC: 10    Str: 18    XL:     10   Next: 42%
Magic:  10/10      EV: 13    Int:  9    God:    Dithmenos [***...]
Gold:   471        SH: 11    Dex: 17    Spells: 4/9 levels left

rFire    + . .     SeeInvis .   a - +3 hunting sling
rCold    . . .     Gourm    .   c - +0 shield
rNeg     . . .     Faith    .   t - +0 scale mail
rPois    .         Spirit   .   l - +0 helmet
rElec    .         Reflect  .   (no cloak)
rCorr    .         Harm     .   i - +1 pair of gloves {Str+3}
MR       .....                  (no boots)
Stlth    ..........             (no amulet)
HPRegen  0.21/turn              o - ring of protection from fire
MPRegen  0.12/turn              (no ring)

@: wreathed by umbra, drained
A: small, mutation resistance 1
a: Shadow Step, Renounce Religion


You were on level 7 of the Dungeon.
You worshipped Dithmenos.
Dithmenos was most pleased with you.
You were not hungry.

You visited 2 branches of the dungeon, and saw 9 of its levels.

You collected 471 gold pieces.

Inventory:

Hand Weapons
 a - a +3 hunting sling (weapon)
 b - a +2 dagger of electrocution
Missiles
 d - 71 sling bullets (quivered)
 j - 239 stones
Armour
 c - a +0 shield (worn)
 i - a +1 pair of gloves of strength (worn)
 l - a +0 helmet (worn)
 t - a +0 scale mail (worn)
Jewellery
 m - an uncursed amulet of magic regeneration
 o - a ring of protection from fire (left hand)
 D - an uncursed ring of fire
Wands
 n - a wand of disintegration (9)
 v - a wand of paralysis (9)
 y - a wand of scattershot (5)
 E - a wand of digging (11)
Scrolls
 e - 3 scrolls of fog
 k - 3 scrolls of remove curse
 p - 2 scrolls of noise {unknown}
 s - 4 scrolls of teleportation
 x - 3 scrolls of amnesia
 C - a scroll of blinking {unknown}
 F - a scroll of enchant weapon {unknown}
Potions
 h - a potion of degeneration {unknown}
 q - a potion of agility {unknown}
 r - a potion of mutation {unknown}
 u - a potion of might {unknown}
 w - a potion of ambrosia
 z - 2 potions of haste
 A - a potion of curing {unknown}
Comestibles
 f - 11 rations
 g - 11 chunks of flesh


   Skills:
 + Level 7.5(7.2) Fighting
 * Level 12.0(11.6) Slings
 + Level 5.0(4.7) Armour
 - Level 5.1(4.8) Dodging
 + Level 1.1(0.9) Stealth
 - Level 7.2(6.9) Shields
 + Level 0.0 Spellcasting
 * Level 0.0 Hexes
 + Level 0.0 Ice Magic


You had 4 spell levels left.
You knew the following spells:

 Your Spells              Type           Power        Failure   Level  Hunger
a - Ensorcelled Hibernat  Hex/Ice        #.....       100%        2    ###....
b - Dazzling Spray        Conj/Hex       #.....       100%        3    ####...

Your spell library contained the following spells:

 Spells                   Type           Power        Failure   Level  Hunger
 Corona                   Hex            #......      99%         1    ##.....
 Confuse                  Hex            #.......     100%        3    ####...
 Tukima's Dance           Hex            #.......     100%        3    ####...


Dungeon Overview and Level Annotations

Branches:
Dungeon (8/15)             Temple (1/1) D:4
   Lair: D:8-11

Altars:
Ashenzari
Cheibriados
Dithmenos
Elyvilon
Fedhas
Gozag
Hepliaklqana
Kikubaaqudgha
Makhleb
Nemelex Xobeh
Okawaru
Qazlal
Ru
Sif Muna
Trog
Uskayaw
Vehumet
Wu Jian
Xom
Yredelemnul
Zin

Portals:
Ossuary: D:8


Innate Abilities, Weirdness & Mutations

You are small and have problems with some larger weapons.
You are somewhat resistant to further mutation.


Message History

Aim: a two-headed ogre, wielding a -2 giant club and a +0 giant club (severely You shoot a sling bullet.
The sling bullet barely misses the two-headed ogre.
Firing (i - inventory. (/) - cycle)
d - 74 sling bullets (quivered)
Aim: a two-headed ogre, wielding a -2 giant club and a +0 giant club (severely You shoot a sling bullet.
The sling bullet barely misses the two-headed ogre.
The two-headed ogre hits you with a cursed -2 giant club!
* * * LOW HITPOINT WARNING * * *
You block the two-headed ogre's attack.
Firing (i - inventory. (/) - cycle)
d - 73 sling bullets (quivered)
Aim: a two-headed ogre, wielding a -2 giant club and a +0 giant club (severely You shoot a sling bullet.
The sling bullet hits the two-headed ogre.
Firing (i - inventory. (/) - cycle)
d - 72 sling bullets (quivered)
Aim: a two-headed ogre, wielding a -2 giant club and a +0 giant club (severely You shoot a sling bullet.
The sling bullet hits the two-headed ogre but does no damage.
The two-headed ogre hits you with a cursed -2 giant club!!
You die...

### #.# ### #.# #.#
..# #.# ..#
###.#### ..## ####
######..>.##. ...#
##..###
#.......##... ...##
###.....###
#....######..
....##
##..###..@.###....#
#.. .....###..##
###.O......## #..
.###..)))##
#..(##...# ##. ##
##...## ##..####..#
#. #...# ##..##
#..# ## ##...##
##..## #..# #
##.....# ##..##
#..##
##..###.###..##
#...## ##..##
#.....##
#....#######


You could see a two-headed ogre.

Vanquished Creatures
  Pikel (D:7)
  Prince Ribbit (D:7)
  Sigmund (D:4)
  A water moccasin (D:7)
  An orc warrior (D:6)
  2 sky beasts (D:6)
  A slave (D:7)
  An ice beast (D:6)
  2 ogres
  A necrophage (D:7)
  2 big kobolds (D:4)
  Blork the orc (D:4)
  4 bullfrogs
  2 scorpions
  6 killer bees (D:7)
  3 wights (D:7)
  A crimson imp (D:6)
  2 bullfrog zombies
  A hound (D:6)
  A centaur skeleton (D:3)
  2 gnoll shamans
  A jelly (D:6)
  11 orc wizards
  A bullfrog skeleton (D:6)
  Ijyb (D:5)
  4 iguanas
  5 worker ants
  A worker ant zombie (D:7)
  9 adders
  28 gnolls
  4 shadow imps
  An adder zombie (D:7)
  2 oozes
  2 dart slugs
  2 worms (D:2)
  4 leopard geckos
  36 orcs
  3 bats
  6 giant cockroaches
  40 goblins
  18 hobgoblins
  12 jackals
  6 frilled lizards
  17 kobolds
  A leopard gecko skeleton (D:6)
  11 rats
263 creatures vanquished.

Vanquished Creatures (others)
  2 slaves (D:7)
  A big kobold (D:7)
  2 gnolls (D:7)
  2 kobolds (D:7)
7 creatures vanquished.

Grand Total: 270 creatures vanquished

Notes
Turn   | Place    | Note
-------+----------+-------------------------------------------
     0 | D:1      | RoseArtemis the Halfling Hunter began the quest for the
                  | Orb.
     0 | D:1      | Reached XP level 1. HP: 14/14 MP: 1/1
   210 | D:1      | Reached skill level 6 in Slings
   221 | D:1      | Reached XP level 2. HP: 14/19 MP: 2/2
   647 | D:1      | Reached XP level 3. HP: 24/24 MP: 3/3
  1077 | D:2      | Reached skill level 7 in Slings
  1077 | D:2      | Reached XP level 4. HP: 20/30 MP: 4/4
  1356 | D:2      | Found an ancient bone altar of Kikubaaqudgha.
  1362 | D:2      | Found an ornate altar of the Wu Jian Council.
  1362 | D:2      | Found a stormy altar of Qazlal.
  1367 | D:2      | Found a deep blue altar of Sif Muna.
  1541 | D:2      | Reached XP level 5. HP: 31/35 MP: 5/5
  1781 | D:3      | Found a bloodstained altar of Trog.
  1988 | D:3      | Reached skill level 8 in Slings
  1988 | D:3      | Reached skill level 1 in Armour
  1988 | D:3      | Reached XP level 6. HP: 35/41 MP: 6/6
  2577 | D:4      | Found a staircase to the Ecumenical Temple.
  2585 | Temple   | Entered the Ecumenical Temple
  2724 | Temple   | Became a worshipper of Dithmenos the Shadowed
  2743 | D:4      | Noticed Blork the orc
  2763 | D:4      | Killed Blork the orc
  3148 | D:4      | Reached XP level 7. HP: 39/46 MP: 7/7
  3184 | D:4      | Noticed Sigmund
  3352 | D:4      | Reached skill level 9 in Slings
  3409 | D:4      | Killed Sigmund
  3667 | D:4      | Reached * piety under Dithmenos
  3677 | D:4      | Reached XP level 8. HP: 47/54 MP: 8/8
  3760 | D:4      | Found a glowing silver altar of Zin.
  4819 | D:4      | Reached skill level 10 in Slings
  4856 | D:4      | Reached skill level 5 in Dodging
  5172 | D:4      | Reached ** piety under Dithmenos
  5376 | D:5      | Entered Level 5 of the Dungeon
  5756 | D:5      | Reached skill level 1 in Shields
  6067 | D:5      | Reached skill level 11 in Slings
  6120 | D:5      | Noticed Ijyb
  6127 | D:5      | Killed Ijyb
  6520 | D:6      | Reached XP level 9. HP: 59/59 MP: 9/9
  6537 | D:6      | Reached *** piety under Dithmenos
  6701 | D:6      | Reached skill level 5 in Fighting
  6795 | D:6      | Reached skill level 12 in Slings
  6806 | D:6      | Reached skill level 5 in Armour
  7327 | D:7      | Noticed Prince Ribbit
  7333 | D:7      | Killed Prince Ribbit
  7430 | D:7      | Reached skill level 5 in Shields
  7612 | D:7      | Reached **** piety under Dithmenos
  7778 | D:7      | Noticed Pikel
  7799 | D:7      | Killed Pikel
  7799 | D:7      | Reached XP level 10. HP: 49/69 MP: 10/10
  8809 | D:7      | Learned a level 2 spell: Ensorcelled Hibernation
  8813 | D:7      | Learned a level 3 spell: Dazzling Spray
  8901 | D:8      | Found a sand-covered staircase.
  8902 | D:8      | Noticed a two-headed ogre
  8970 | D:7      | Mangled by a two-headed ogre

Vault maps used:
D:1:      ncdulo_wetmaze
D:2:      minitemple
D:3:      lemuel_crystal_altar, hangedman_abyss_or_decor_stabs
D:4:      minmay_goblin_kobold_castle, minmay_temple_entry_glassed_door,
          first_ration, lemuel_tele_altar, uniq_sigmund, uniq_blork_the_orc
D:5:      minmay_misc_feat_roman, st_stairs_5, uniq_ijyb
D:7:      kennysheep_big_empty_room, minmay_misc_feat_doors,
          uniq_prince_ribbit1, uniq_pikel
D:8:      nicolae_ossuary_entry_plus, grunt_livestock, ashenzari_altar_1
Temple:   nicolae_temple_elliptical

Skill      XL: |  1  2  3  4  5  6  7  8  9 10 |
---------------+-------------------------------+-----
Slings         | 6 7 8 9 11 12 | 12.0
Fighting       | 2 3 4 6 7 |  7.5
Dodging        | 3 4 5 |  5.1
Armour         | 1 2 3 4 5 |  5.0
Shields        | 1 6 7 |  7.2
Stealth        | |  1.1

Action                   |  1- 3 |  4- 6 |  7- 9 | 10-12 || total
-------------------------+-------+-------+-------+-------++-------
Melee: Short sword       |       |     4 |    13 |       ||    17
       Dagger            |       |       |     2 |    34 ||    36
 Fire: Hunting sling     |   108 |   199 |   717 |   128 ||  1152
Invok: Shadow Step       |       |       |       |     1 ||     1
  Use: Scroll            |     2 |     1 |    11 |       ||    14
       Potion            |       |       |       |     2 ||     2
  Eat: Chunk             |       |     6 |    14 |     3 ||    23
Armor: Leather armour    |     3 |     2 |       |       ||     5
       Scale mail        |       |    14 |    79 |    12 ||   105
Dodge: Dodged            |    12 |    41 |   171 |    64 ||   288
Block: Shield            |       |    18 |   125 |    62 ||   205

Table legend:
 A = Non-vault XP
 B = Vault XP
 C = Vault XP percentage of total XP
 D = Non-vault monster count
 E = Vault monster count
 F = Vault count percentage of total count
                 A         B        C        D         E       F
            +---------+---------+-------+---------+---------+-------
      Total |    3835 |    1719 |  31.0 |     196 |      67 |  25.5
            +---------+---------+-------+---------+---------+-------
        D:1 |      40 |       0 |   0.0 |      23 |       0 |   0.0
        D:2 |     124 |       0 |   0.0 |      22 |       0 |   0.0
        D:3 |     134 |       0 |   0.0 |      23 |       0 |   0.0
        D:4 |     460 |     752 |  62.0 |      27 |      64 |  70.3
        D:5 |     404 |      36 |   8.2 |      23 |       1 |   4.2
        D:6 |    1263 |       0 |   0.0 |      42 |       0 |   0.0
        D:7 |    1360 |     931 |  40.6 |      30 |       2 |   6.2
        D:8 |      50 |       0 |   0.0 |       6 |       0 |   0.0
            +---------+---------+-------+---------+---------+-------
